[Event "Titled Tuesday Blitz May 23 Late 2023"]
[White "Gerbelli Neto, Eduardo"]
[Black "Keleberda, Tymur"]
[WhiteFideId "2103281"]
[BlackFideId "14174294"]
[WhiteElo "2178"]
[BlackElo "2198"]
[Result "1-0"]
[Round "04"]
[TimeControl "180+2"]
[Date "2023.05.23"]
[WhiteClock "0:00:24"]
[BlackClock "0:00:28"]

1. e4 c5 2. Nc3 d6 3. f4 g6 4. Nf3 Bg7 5. Bb5+ Nd7 6. O-O e6 7. d3 Ne7 8. Qe1 O-O 9. Bxd7 Bxd7 10. Bd2 b5 11. a3 a5 12. Rb1 b4 13. axb4 axb4 14. Ne2 Bb5 15. b3 Ra2 16. Rc1 Nc6 17. f5 exf5 18. exf5 Re8 19. Qf2 Bxd3 20. cxd3 Ne5 21. fxg6 fxg6 22. Nxe5 Rxd2 23. Qf7+ Kh8 24. Nxg6+ hxg6 25. Nf4 Re3 26. Nxg6+ Kh7 27. Rf4 Ree2 28. Rh4+ Qxh4 29. Nxh4 Kh8 30. Rf1 Bd4+ 31. Kh1 Bg7 32. Qh5+ Kg8 33. Qf3 Kh8 34. Nf5 Be5 35. Qh5+ Kg8 36. Qe8+ Kh7 37. Qf7+ Kh8 38. Qh5+ Kg8 39. Nh4 Rf2 40. Qg6+ Kh8 41. Re1 Rde2 42. Qh5+ Kg7 43. Qxe2 Rxe2 44. Rxe2 Kf6 45. Nf3 Bc3 46. g4 d5 47. Kg2 Kg6 48. h4 Kf6 49. Kg3 c4 50. dxc4 dxc4 51. bxc4 b3 52. Nd2 b2 53. Nb1 Be5+ 54. Kf3 Bd4 55. Ke4 Bb6 56. Kd5 Bd8 57. c5 Kf7 58. c6 Bxh4 59. Rxb2 Bd8 60. Rc2 Kf6 61. Re2 Kg5 62. Kd6 Kxg4 63. Kd7 Ba5 64. c7 Bxc7 65. Kxc7 Kf3 66. Nc3 Kf4 67. Kd6 Kf3 68. Kd5 Kf4 69. Kd4 Kf3 70. Kd3 Kg4 71. Rf2 Kg3 72. Ke3 Kg4 73. Ke4 Kg5 74. Rg2+ Kf6 75. Rg1 Ke6 76. Rg6+ Kf7 77. Kf5 Ke7 78. Ke5 Kf7 79. Rg5 Ke7 80. Rg7+ Kf8 81. Kf6 Ke8 82. Ke6 Kd8 83. Nd5 Kc8 84. Kd6 Kb8 85. Kc6 Kc8 86. Rg8# 1-0


[Site "https://www.chess.com"]

[Event "Titled Tuesday Blitz May 23 Late 2023"]
[White "Carrasco Miranda, Andres"]
[Black "Toncheva, Nadya"]
[WhiteFideId "3405990"]
[BlackFideId "2924056"]
[WhiteElo "2183"]
[BlackElo "2101"]
[Result "1-0"]
[Round "04"]
[TimeControl "180+2"]
[Date "2023.05.23"]
[WhiteClock "0:00:07"]
[BlackClock "0:00:01"]

1. d4 d5 2. c4 dxc4 3. e4 e5 4. Nf3 Bb4+ 5. Nbd2 c3 6. bxc3 Bxc3 7. Rb1 exd4 8. Bc4 Nh6 9. O-O O-O 10. e5 c6 11. Ne4 Nf5 12. Bg5 Qc7 13. Qc2 b5 14. Bd3 h6 15. Nxc3 dxc3 16. Bxf5 hxg5 17. Nxg5 g6 18. Bxc8 Rxc8 19. e6 f5 20. Qxc3 Qg7 21. Qf3 Na6 22. Rfd1 Nc5 23. Rbc1 Qe7 24. h4 Rd8 25. Qxc6 Rdc8 26. Qf3 Nxe6 27. Qd5 Rxc1 28. Rxc1 Re8 29. Re1 Qb4 30. Rxe6 Qb1+ 31. Re1+ Kh8 32. Rxb1 1-0


[Site "https://www.chess.com"]

[Event "Titled Tuesday Blitz May 23 Late 2023"]
[White "Chabris, Christopher"]
[Black "Martic, Ivan"]
[WhiteFideId "2005263"]
[BlackFideId "929301"]
[WhiteElo "2361"]
[BlackElo "2360"]
[Result "0-1"]
[Round "04"]
[TimeControl "180+2"]
[Date "2023.05.23"]
[WhiteClock "0:00:12"]
[BlackClock "0:01:26"]

1. e4 c5 2. Nf3 Nc6 3. Bb5 d6 4. Bxc6+ bxc6 5. O-O e5 6. c3 f5 7. exf5 Bxf5 8. d4 e4 9. dxc5 exf3 10. Qxf3 Ne7 11. cxd6 Qxd6 12. Re1 Qd5 13. Qe3 Kf7 14. c4 Qd3 15. Qf4 Ng6 16. Qc7+ Qd7 17. Qg3 Bd6 18. Qf3 Rhe8 19. Rd1 Qe6 20. Be3 Kg8 21. Nc3 Bg4 22. Qe4 Bxd1 0-1


[Site "https://www.chess.com"]

[Event "Titled Tuesday Blitz May 23 Late 2023"]
[White "Moral Garcia, Serafin"]
[Black "FuenfgegenWilly"]
[WhiteFideId "2201925"]
[WhiteElo "2274"]
[BlackElo "2358"]
[Result "0-1"]
[Round "04"]
[TimeControl "180+2"]
[Date "2023.05.23"]
[WhiteClock "0:00:24"]
[BlackClock "0:01:01"]

1. c4 e5 2. Nc3 Nc6 3. g3 f5 4. d3 Nf6 5. Bg2 Bb4 6. Bd2 Bxc3 7. Bxc3 d6 8. e3 O-O 9. Ne2 Qe8 10. b4 f4 11. gxf4 Bg4 12. fxe5 Nxe5 13. Qc2 Bf3 14. Bxf3 Nxf3+ 15. Kd1 Ng4 16. Ng3 Nfxh2 17. Be1 Qc6 18. e4 Qb6 19. c5 dxc5 20. bxc5 Qf6 21. Rb1 Rad8 22. Nf5 g6 23. Bc3 Nxf2+ 24. Ke2 Qg5 25. Kxf2 gxf5 26. Qb3+ Rf7 27. Rbg1 Ng4+ 28. Rxg4 fxg4+ 29. Kg2 Qf4 30. Qd1 Qf2# 0-1


[Site "https://www.chess.com"]

[Event "Titled Tuesday Blitz May 23 Late 2023"]
[White "Liu, Casper"]
[Black "Alexikov, Alexander"]
[WhiteFideId "1454153"]
[BlackFideId "14103958"]
[WhiteElo "2221"]
[BlackElo "2186"]
[Result "1-0"]
[Round "04"]
[TimeControl "180+2"]
[Date "2023.05.23"]
[WhiteClock "0:01:25"]
[BlackClock "0:00:00"]

1. d4 Nf6 2. Bf4 g6 3. h4 Bg7 4. g4 Nxg4 5. e4 Nf6 6. e5 Nd5 7. Bd2 d6 8. f4 c5 9. dxc5 dxe5 10. Nc3 exf4 11. Qf3 Nxc3 12. Bxc3 Bxc3+ 13. Qxc3 f6 14. h5 g5 15. Bd3 Nc6 16. O-O-O Qa5 17. Qb3 Qxc5 18. Bg6+ hxg6 19. hxg6 Rf8 20. Rh8 e6 21. g7 Rxh8 22. gxh8=Q+ Qf8 23. Qxf8+ Kxf8 24. Qa3+ Kf7 25. Qd6 e5 26. Qc7+ Kg6 27. Nf3 Bg4 28. Rh1 1-0


[Site "https://www.chess.com"]

[Event "Titled Tuesday Blitz May 23 Late 2023"]
[White "Onslow, Alfie"]
[Black "Deviprasath, Sharvesh"]
[WhiteFideId "436976"]
[BlackFideId "30938228"]
[WhiteElo "2114"]
[BlackElo "2168"]
[Result "0-1"]
[Round "04"]
[TimeControl "180+2"]
[Date "2023.05.23"]
[WhiteClock "0:00:02"]
[BlackClock "0:01:08"]

1. e4 a6 2. a4 e6 3. d4 d5 4. exd5 exd5 5. Bd3 Nf6 6. h3 Bd6 7. Ne2 O-O 8. O-O Re8 9. Bf4 Bf8 10. Nd2 c5 11. c3 Nc6 12. Nf3 Ne4 13. dxc5 Bxc5 14. Ned4 Bd7 15. Bc2 Qf6 16. Be3 Bd6 17. Nxc6 bxc6 18. Re1 Qg6 19. Kh1 Rab8 20. Ra2 f5 21. Nh4 Qf7 22. Qf3 f4 23. Bd4 Ng3+ 24. fxg3 Rxe1+ 25. Kh2 fxg3+ 0-1


[Site "https://www.chess.com"]

[Event "Titled Tuesday Blitz May 23 Late 2023"]
[White "Ognean, Mihnea-Ionut"]
[Black "Celestino, Rafael Teixeira"]
[WhiteFideId "1232347"]
[BlackFideId "2108925"]
[WhiteElo "2215"]
[BlackElo "2350"]
[Result "1-0"]
[Round "04"]
[TimeControl "180+2"]
[Date "2023.05.23"]
[WhiteClock "0:01:16"]
[BlackClock "0:01:19"]

1. d4 Nf6 2. Nf3 e6 3. c4 d5 4. g3 Bb4+ 5. Bd2 Bxd2+ 6. Nbxd2 O-O 7. Bg2 c5 8. O-O cxd4 9. cxd5 Qxd5 10. Nb3 Rd8 11. Nfxd4 Qd6 12. Qc2 a6 13. Rfd1 Qe7 14. Rac1 Bd7 15. Bxb7 Ra7 16. Qc5 Qxc5 17. Nxc5 Be8 18. Ndb3 Nfd7 19. Na5 Kf8 20. b4 Ke7 21. Nxa6 Nb6 22. Rxd8 Kxd8 23. Nxb8 Nd5 24. Nbc6+ 1-0


[Site "https://www.chess.com"]

[Event "Titled Tuesday Blitz May 23 Late 2023"]
[White "Koc, Przemyslaw"]
[Black "StarkyNZ"]
[WhiteFideId "1109081"]
[WhiteElo "2161"]
[BlackElo "2345"]
[Result "1/2-1/2"]
[Round "04"]
[TimeControl "180+2"]
[Date "2023.05.23"]
[WhiteClock "0:00:33"]
[BlackClock "0:00:53"]

1. Nf3 Nf6 2. g3 e6 3. Bg2 d5 4. O-O b6 5. d3 c5 6. Nbd2 Nc6 7. e4 dxe4 8. dxe4 Ba6 9. Re1 e5 10. c3 Qc7 11. Nf1 Rd8 12. Qa4 Qb7 13. Bg5 b5 14. Qc2 Be7 15. Ne3 h6 16. Bxf6 Bxf6 17. Nd5 Be7 18. Rad1 O-O 19. h4 Rfe8 20. Nh2 Bf8 21. h5 Qc8 22. Bf3 Ne7 23. Ng4 Nxd5 24. exd5 Bd6 25. Ne3 Qd7 26. Bg4 Qe7 27. b3 Bc8 28. Bxc8 Rxc8 29. c4 b4 30. Qf5 Rcd8 31. Kg2 Qd7 32. g4 Qxf5 33. Nxf5 f6 34. Ng3 Kf7 35. Ne4 Re7 36. Re2 a5 37. Rde1 Ra7 38. f4 exf4 39. Nxd6+ Rxd6 40. Re8 a4 41. Rc8 axb3 42. axb3 Ra2+ 43. Kf3 Rb2 44. Ree8 Rxb3+ 45. Kxf4 Rc3 46. Rf8+ Ke7 47. Rce8+ Kd7 48. Rd8+ Kc7 49. Rc8+ Kb7 50. Rb8+ Ka7 51. Ra8+ Kb7 52. Rfb8+ Kc7 53. Rc8+ Kb7 54. Rab8+ Ka7 55. Ra8+ Kb7 56. Rcb8+ Kc7 57. Rc8+ Kb7 1/2-1/2


[Site "https://www.chess.com"]

[Event "Titled Tuesday Blitz May 23 Late 2023"]
[White "Szente Varga, Fruzsina"]
[Black "Janaszak, Dawid"]
[WhiteFideId "712264"]
[BlackFideId "1119206"]
[WhiteElo "1994"]
[BlackElo "2220"]
[Result "0-1"]
[Round "04"]
[TimeControl "180+2"]
[Date "2023.05.23"]
[WhiteClock "0:01:32"]
[BlackClock "0:02:20"]

1. e4 c5 2. Nf3 Nc6 3. Bb5 e5 4. O-O Nge7 5. c3 g6 6. d4 cxd4 7. cxd4 exd4 8. Nxd4 Bg7 9. Be3 O-O 10. Nc3 d5 11. exd5 Nxd5 12. Bxc6 Nxe3 13. fxe3 bxc6 14. Nxc6 Qe8 15. Nb4 Qxe3+ 16. Kh1 Bb7 17. Nbd5 Qg5 18. Qb3 Rab8 19. Ne4 Qxd5 0-1


[Site "https://www.chess.com"]

[Event "Titled Tuesday Blitz May 23 Late 2023"]
[White "Cruz Mendez, Jean Marco"]
[Black "Lacasa Diaz, Jose Antonio"]
[WhiteFideId "3526402"]
[BlackFideId "2203375"]
[WhiteElo "2064"]
[BlackElo "2338"]
[Result "1-0"]
[Round "04"]
[TimeControl "180+2"]
[Date "2023.05.23"]
[WhiteClock "0:00:48"]
[BlackClock "0:00:02"]

1. e4 c5 2. Nf3 e6 3. d4 cxd4 4. Nxd4 Nf6 5. Nc3 d6 6. Bg5 Be7 7. Bc4 h6 8. Be3 Nc6 9. Qe2 a6 10. Bb3 Qc7 11. O-O-O Na5 12. Kb1 b5 13. f3 Bd7 14. g4 Rc8 15. h4 Nc4 16. Bxc4 Qxc4 17. Qxc4 Rxc4 18. Nce2 g6 19. Ng3 e5 20. Nde2 h5 21. g5 Nh7 22. b3 Rc8 23. Kb2 O-O 24. f4 f6 25. f5 Kg7 26. gxf6+ Nxf6 27. Bg5 gxf5 28. Nxf5+ Bxf5 29. exf5 Kf7 30. Ng3 Rg8 31. Rhf1 d5 32. Bxf6 Bxf6 33. Nxh5 Rg2 34. Rc1 d4 35. Kb1 Rh8 36. Nxf6 Kxf6 37. c4 Rxh4 38. cxb5 Rhh2 39. Rc6+ Kg5 40. Rxa6 Rb2+ 41. Ka1 d3 42. f6 Rbf2 43. Rg1+ Kf4 44. f7 Ke3 45. Ra7 e4 46. b6 Kd2 47. b7 e3 48. b8=Q e2 49. Qb4+ Kc2 50. Rc7# 1-0


[Site "https://www.chess.com"]

[Event "Titled Tuesday Blitz May 23 Late 2023"]
[White "Kim, Sergey"]
[Black "Shapiro, Daniel"]
[WhiteFideId "13700570"]
[BlackFideId "2001780"]
[WhiteElo "2484"]
[BlackElo "2344"]
[Result "1-0"]
[Round "04"]
[TimeControl "180+2"]
[Date "2023.05.23"]
[WhiteClock "0:00:31"]
[BlackClock "0:00:00"]

1. d4 Nf6 2. c4 e6 3. Nc3 Bb4 4. Qc2 c5 5. dxc5 Bxc5 6. Nf3 Qb6 7. e3 Qc7 8. Bd3 a6 9. O-O Be7 10. Ne4 d6 11. b3 Nbd7 12. Bb2 b6 13. Rac1 h6 14. Rfd1 Bb7 15. Ng3 Rc8 16. Qe2 O-O 17. e4 Ng4 18. Bb1 Qb8 19. Nd4 Ngf6 20. f4 Rfd8 21. Re1 Qa8 22. e5 Ne8 23. Nh5 Nf8 24. f5 dxe5 25. fxe6 Bc5 26. exf7+ Kxf7 27. Qxe5 Bxg2 28. Rf1+ Bxf1 29. Rxf1+ Kg8 30. Rxf8+ Bxf8 31. Qe6+ Kh8 32. Qg6 1-0


[Site "https://www.chess.com"]

[Event "Titled Tuesday Blitz May 23 Late 2023"]
[White "Smiechu"]
[Black "Le Goff, Ronan"]
[BlackFideId "612073"]
[WhiteElo "2343"]
[BlackElo "2275"]
[Result "1-0"]
[Round "04"]
[TimeControl "180+2"]
[Date "2023.05.23"]
[WhiteClock "0:01:14"]
[BlackClock "0:01:59"]

1. e4 e5 2. Nf3 Nc6 3. d4 exd4 4. Nxd4 Bc5 5. Nb3 Bb6 6. Nc3 Nge7 7. Qe2 O-O 8. Be3 d6 9. O-O-O Be6 10. f3 Bxe3+ 11. Qxe3 a5 12. Nc5 a4 13. Nxe6 fxe6 14. Bc4 Qc8 15. h4 a3 16. b3 Ne5 17. Be2 N7g6 18. g3 Ra5 19. h5 Ne7 20. f4 N5c6 21. g4 Rc5 22. g5 Nb4 23. Kb1 b6 24. h6 Rf7 25. hxg7 Rxg7 26. g6 Nxg6 27. f5 Ne5 28. Rdg1 exf5 29. Rxg7+ Kxg7 30. Qh6+ Kg8 31. Qxh7+ Kf8 32. Qh8+ Ke7 33. Qxc8 Rxc3 34. Rh7+ Nf7 35. Bh5 Rxc2 36. Rxf7# 1-0


[Site "https://www.chess.com"]

[Event "Titled Tuesday Blitz May 23 Late 2023"]
[White "Jimenez Almeida, Luis David"]
[Black "Bashkansky, Ethan"]
[WhiteFideId "22242244"]
[BlackFideId "2071533"]
[WhiteElo "2245"]
[BlackElo "2343"]
[Result "1-0"]
[Round "04"]
[TimeControl "180+2"]
[Date "2023.05.23"]
[WhiteClock "0:01:07"]
[BlackClock "0:00:00"]

1. e4 c6 2. Nc3 d5 3. Qf3 dxe4 4. Nxe4 Nd7 5. d4 Ngf6 6. c3 e5 7. Nxf6+ Qxf6 8. Qxf6 gxf6 9. Be3 Bg7 10. Bd3 O-O 11. O-O-O Nb6 12. Ne2 Nd5 13. Ng3 Bg4 14. Rde1 Nxe3 15. fxe3 Rfe8 16. Bf5 Bxf5 17. Nxf5 h5 18. Kc2 Kh7 19. h3 Kg6 20. e4 Rad8 21. Kd3 b6 22. a4 Bh6 23. g3 Bg5 24. h4 Bh6 25. Rhg1 Kh7 26. b4 Rg8 27. Ref1 Rg6 28. Ne7 Rg4 29. Nxc6 Rdg8 30. d5 Rxg3+ 31. Rxg3 Rxg3+ 32. Kc4 Bd2 33. Rxf6 Rxc3+ 34. Kb5 Kg7 35. Rf5 a6+ 36. Kxb6 Bf4 37. Nxe5 Re3 38. Rxf7+ Kg8 39. Rxf4 1-0


[Site "https://www.chess.com"]

[Event "Titled Tuesday Blitz May 23 Late 2023"]
[White "Przybylski, Wojciech"]
[Black "Einarsson, Halldor Gretar"]
[WhiteFideId "1117599"]
[BlackFideId "2300150"]
[WhiteElo "2222"]
[BlackElo "2110"]
[Result "1-0"]
[Round "04"]
[TimeControl "180+2"]
[Date "2023.05.23"]
[WhiteClock "0:00:59"]
[BlackClock "0:00:04"]

1. d4 Nf6 2. c4 g6 3. Nc3 d5 4. Nf3 Bg7 5. Qb3 dxc4 6. Qxc4 a6 7. a4 O-O 8. g3 b5 9. Qd3 b4 10. Nd1 Bf5 11. Qd2 Nc6 12. Ne3 Ne4 13. Qd1 Nxd4 14. Bg2 Nxf3+ 15. Bxf3 Qxd1+ 16. Nxd1 Rad8 17. Be3 c5 18. g4 Nxf2 19. Kxf2 Bc2 20. Bxc5 Bd4+ 21. Bxd4 Rxd4 22. Ne3 Bb3 23. Rhc1 e5 24. g5 f5 25. gxf6 e4 26. Bg2 Rd2 27. Bxe4 Rxf6+ 28. Ke1 Rxb2 29. Rcb1 Rxb1+ 30. Rxb1 Bxa4 31. Rxb4 Bb5 32. Nd5 Re6 33. Nc7 Re5 34. Nxb5 axb5 35. Bd3 Kg7 36. Rxb5 1-0


[Site "https://www.chess.com"]

[Event "Titled Tuesday Blitz May 23 Late 2023"]
[White "Goncalves, Davi Sulzbacher"]
[Black "Slavin, Alexey"]
[WhiteFideId "2154510"]
[BlackFideId "24104388"]
[WhiteElo "2182"]
[BlackElo "2264"]
[Result "1-0"]
[Round "04"]
[TimeControl "180+2"]
[Date "2023.05.23"]
[WhiteClock "0:00:09"]
[BlackClock "0:00:30"]

1. Nf3 Nc6 2. g3 Nf6 3. Bg2 e5 4. O-O Bc5 5. a3 O-O 6. b4 Bd6 7. Bb2 Re8 8. c4 a6 9. Nc3 Bf8 10. Nd5 d6 11. Rc1 Be6 12. Nxf6+ Qxf6 13. d4 Bg4 14. d5 Nb8 15. h3 Bh5 16. g4 Bg6 17. Ne1 Qd8 18. e4 Nd7 19. f3 h6 20. Nc2 Be7 21. Qe2 Bg5 22. Rcd1 Bf4 23. Bc1 Qg5 24. Bxf4 exf4 25. Nd4 Ne5 26. Rc1 h5 27. Qf2 hxg4 28. hxg4 Nd3 29. Qd2 Nxc1 30. Rxc1 b6 31. Ne2 Qe5 32. Kf2 a5 33. b5 a4 34. Rh1 f6 35. Qxf4 Qxf4 36. Nxf4 Kf7 37. Kg3 Rh8 38. Re1 Rh6 39. Ne6 Rc8 40. f4 Kg8 41. Nd4 Bf7 42. Nf5 Rh7 43. Ne7+ Kf8 44. Nxc8 Ke8 45. Na7 Kd7 46. Nc6 Be8 47. Nd4 Bf7 48. Bh3 Kd8 49. Nc6+ Kc8 50. e5 fxe5 51. fxe5 dxe5 52. Rxe5 Kb7 53. Re7 g5 54. Nd8+ Kc8 55. Rxf7 1-0


[Site "https://www.chess.com"]

[Event "Titled Tuesday Blitz May 23 Late 2023"]
[White "Urbina Perez, Juan Antonio"]
[Black "Weinstein, Joshua Ross"]
[WhiteFideId "2217368"]
[BlackFideId "30927714"]
[WhiteElo "2197"]
[BlackElo "2327"]
[Result "1-0"]
[Round "04"]
[TimeControl "180+2"]
[Date "2023.05.23"]
[WhiteClock "0:00:17"]
[BlackClock "0:00:13"]

1. e4 d5 2. exd5 Qxd5 3. Nc3 Qa5 4. Nf3 Nf6 5. Bc4 Bg4 6. d3 Nc6 7. h3 Qh5 8. Bd2 Nd4 9. Ne2 Bxf3 10. gxf3 Nxf3+ 11. Kf1 Nxd2+ 12. Qxd2 e6 13. Ng3 Qh4 14. Qa5 Bd6 15. Qb5+ Ke7 16. Ne2 Ng4 17. hxg4 Qxh1+ 18. Ng1 Bh2 19. Ke2 Bxg1 20. Qc5+ Kd7 21. Qd4+ Kc8 22. Qxg7 Rd8 23. Qxf7 a6 24. Bxe6+ Kb8 25. Qe7 Rd6 26. Bf5 Qc6 27. Rxg1 Qxc2+ 28. Kf1 Qd1+ 29. Kg2 Qa4 30. Rc1 Rc6 31. Re1 Ka7 32. Bd7 Qd4 33. Bxc6 Qxg4+ 34. Kf1 Qh3+ 35. Bg2 Qxd3+ 36. Kg1 c6 37. Qe3+ Qxe3 38. Rxe3 Rd8 39. Re2 Rd1+ 40. Kh2 Rd6 41. a3 Rh6+ 42. Bh3 Kb6 43. f4 a5 44. f5 a4 45. Re6 Rh4 46. Kg3 Rc4 47. f6 Rc2 48. Re3 Rc1 49. Rf3 1-0


[Site "https://www.chess.com"]

[Event "Titled Tuesday Blitz May 23 Late 2023"]
[White "Vifleemskaia, Svetlana"]
[Black "merinasian"]
[WhiteFideId "4129490"]
[WhiteElo "1930"]
[BlackElo "2463"]
[Result "1-0"]
[Round "04"]
[TimeControl "180+2"]
[Date "2023.05.23"]
[WhiteClock "0:00:02"]
[BlackClock "0:00:07"]

1. d4 Nf6 2. c4 e6 3. Nc3 Bb4 4. e3 b6 5. Ne2 Bb7 6. a3 Be7 7. d5 exd5 8. cxd5 O-O 9. Ng3 Re8 10. Be2 c6 11. O-O cxd5 12. Bf3 Na6 13. Nxd5 Nxd5 14. Bxd5 Bxd5 15. Qxd5 Nc7 16. Qd3 d5 17. Bd2 Bf6 18. Bc3 Bxc3 19. Qxc3 Ne6 20. Rfd1 Rc8 21. Qe5 Rc2 22. Rxd5 Qc8 23. Rad1 Rc1 24. Qh5 g6 25. Qf3 Rxd1+ 26. Qxd1 Nc5 27. h4 h5 28. b4 Ne6 29. Ne4 Rd8 30. Rxd8+ Nxd8 31. Qd4 Nc6 32. Qc3 Qe6 33. Nf6+ Kf8 34. Nh7+ Ke7 35. Ng5 Ne5 36. Nxe6 1-0


[Site "https://www.chess.com"]

[Event "Titled Tuesday Blitz May 23 Late 2023"]
[White "Dubreuil, Julien"]
[Black "Senft, Sean"]
[WhiteFideId "621285"]
[BlackFideId "2044960"]
[WhiteElo "2323"]
[BlackElo "1989"]
[Result "0-1"]
[Round "04"]
[TimeControl "180+2"]
[Date "2023.05.23"]
[WhiteClock "0:00:04"]
[BlackClock "0:00:19"]

1. e4 c5 2. Nf3 d6 3. d4 cxd4 4. Nxd4 Nf6 5. Nc3 a6 6. Bg5 e6 7. Qe2 Qb6 8. O-O-O Nc6 9. Nxc6 bxc6 10. Bxf6 gxf6 11. f4 Rb8 12. Na4 Qb4 13. b3 c5 14. Qc4 Qa3+ 15. Kb1 Bd7 16. Nb2 Be7 17. f5 O-O 18. g4 Kh8 19. Qc3 Rg8 20. Nc4 Qb4 21. Qxb4 Rxb4 22. Nxd6 Bc6 23. Bg2 Rxg4 24. Bf3 Rf4 25. Rhg1 h6 26. Nxf7+ Kh7 27. Bh5 Rfxe4 28. Bf3 exf5 29. Bh5 Rh4 30. Bg6+ Kg7 31. Nd6 Bxd6 32. Rxd6 Rbg4 33. Rxg4 fxg4 34. Rxc6 Kxg6 35. Rxc5 Rxh2 36. Rc4 Kg5 37. Rd4 g3 0-1


[Site "https://www.chess.com"]

[Event "Titled Tuesday Blitz May 23 Late 2023"]
[White "Srdanovic, Jovana"]
[Black "Alahakoon, Isuru"]
[WhiteFideId "954810"]
[BlackFideId "9900993"]
[WhiteElo "2169"]
[BlackElo "1953"]
[Result "0-1"]
[Round "04"]
[TimeControl "180+2"]
[Date "2023.05.23"]
[WhiteClock "0:00:04"]
[BlackClock "0:00:40"]

1. d4 d5 2. c4 e6 3. Nc3 Nf6 4. Bg5 c6 5. e3 Nbd7 6. cxd5 exd5 7. Bd3 Bd6 8. Qc2 h6 9. Bh4 O-O 10. Nge2 Re8 11. g4 c5 12. g5 Ne4 13. Nxd5 Nxg5 14. O-O-O cxd4 15. Nxd4 Nc5 16. Bf5 Qa5 17. f4 Nge4 18. Bxe4 Nxe4 19. Ne7+ Bxe7 20. Qxe4 Bg4 21. Bxe7 Qc7+ 22. Kb1 Bxd1 23. Rxd1 Qxe7 24. Qg2 Qxe3 25. Ka1 Qe4 26. Qg3 Rad8 27. Qc3 Rxd4 28. Qxd4 Qxd4 29. Rxd4 Re1+ 30. Rd1 Rxd1# 0-1


[Site "https://www.chess.com"]

[Event "Titled Tuesday Blitz May 23 Late 2023"]
[White "Rottenwohrer Suarez, Juan"]
[Black "Cooklev, Steven"]
[WhiteFideId "32068182"]
[BlackFideId "2050552"]
[WhiteElo "2174"]
[BlackElo "2315"]
[Result "1-0"]
[Round "04"]
[TimeControl "180+2"]
[Date "2023.05.23"]
[WhiteClock "0:00:06"]
[BlackClock "0:00:00"]

1. d4 Nf6 2. c4 e6 3. Nc3 Bb4 4. Nf3 d5 5. Qa4+ Nc6 6. e3 O-O 7. Be2 dxc4 8. Bxc4 a6 9. O-O Bd6 10. Rd1 Qe7 11. a3 e5 12. d5 Na7 13. Be2 e4 14. Ne1 Bg4 15. Bxg4 Nxg4 16. h3 Nf6 17. f4 exf3 18. Nxf3 Rfe8 19. Re1 Bg3 20. Re2 Qc5 21. Qd4 Bd6 22. Qxc5 Bxc5 23. b4 Bd6 24. e4 Nh5 25. e5 Be7 26. Be3 g6 27. Rd1 Ng3 28. Red2 a5 29. bxa5 Bxa3 30. Bf2 Nf5 31. Ne4 Nb5 32. Nf6+ Kg7 33. Nxe8+ Rxe8 34. Rc2 Bb4 35. Rb2 Nc3 36. Ra1 Nxd5 37. a6 bxa6 38. Rxa6 c5 39. Ra7 Rc8 40. Rb7 Bc3 41. Rc2 Ba5 42. e6 Nd6 43. Rd7 Ne4 44. Rxd5 Nxf2 45. Kxf2 fxe6 46. Rd6 c4 47. Rd7+ Kf6 48. Rd6 c3 49. Ra6 Bb4 50. Ke2 Rd8 51. Ra4 Rb8 52. Nd4 e5 53. Nc6 Rc8 54. Nxb4 Rc4 55. Nd5+ Ke6 56. Rxc4 Kxd5 57. R4xc3 1-0


[Site "https://www.chess.com"]

[Event "Titled Tuesday Blitz May 23 Late 2023"]
[White "Zampronha, Wladimir Camilo"]
[Black "Dobre, Claudiu-Cristian"]
[WhiteFideId "2103087"]
[BlackFideId "1211854"]
[WhiteElo "2176"]
[BlackElo "2207"]
[Result "0-1"]
[Round "04"]
[TimeControl "180+2"]
[Date "2023.05.23"]
[WhiteClock "0:00:00"]
[BlackClock "0:00:09"]

1. e4 Nc6 2. Nf3 d6 3. Bb5 Nf6 4. Qe2 Bd7 5. O-O e5 6. c3 a6 7. Ba4 Be7 8. d4 O-O 9. d5 Nb8 10. Bxd7 Nbxd7 11. c4 Nh5 12. g3 f5 13. exf5 Rxf5 14. Nc3 Qe8 15. Be3 Qg6 16. Kh1 Raf8 17. Nd2 R5f7 18. Nde4 h6 19. a3 Ndf6 20. Nxf6+ Nxf6 21. Rad1 Ng4 22. Kg2 h5 23. h3 Nxe3+ 24. Qxe3 Bg5 25. Qe2 h4 26. g4 Rf3 27. Ne4 R3f4 28. f3 Be7 29. Rde1 Rb8 30. Qf2 Qf7 31. Qa7 Qe8 32. Qe3 b5 33. c5 b4 34. cxd6 cxd6 35. axb4 Qb5 36. Qa7 Rb7 37. Qa8+ Rf8 38. Nc3 Rxa8 39. Nxb5 Rxb5 40. f4 Bf6 41. g5 Bd8 42. fxe5 Bxg5 43. exd6 Rb7 44. Rf5 Bf6 45. Re6 Rd7 46. Kf3 Rad8 47. Kg4 Rxd6 48. Kh5 Rxd5 49. Kg6 Rxf5 50. Kxf5 Kf7 51. Rxa6 Rd5+ 52. Kf4 Rd4+ 53. Kf3 Rxb4 54. Ra7+ Kg6 55. Ra6 Rb3+ 56. Kg4 Rg3+ 57. Kf4 Rxh3 0-1


[Site "https://www.chess.com"]

[Event "Titled Tuesday Blitz May 23 Late 2023"]
[White "Koutlas, Nikolaos"]
[Black "ThaBarWa"]
[WhiteFideId "25827138"]
[WhiteElo "2215"]
[BlackElo "2312"]
[Result "0-1"]
[Round "04"]
[TimeControl "180+2"]
[Date "2023.05.23"]
[WhiteClock "0:00:01"]
[BlackClock "0:00:22"]

1. e4 e6 2. d4 d5 3. e5 c5 4. c3 Nc6 5. Nf3 Bd7 6. Be2 f6 7. O-O fxe5 8. dxe5 Nh6 9. c4 d4 10. Bf4 Nf7 11. Re1 g5 12. Bg3 Bg7 13. Bd3 Qc7 14. Nbd2 O-O-O 15. Ne4 Ncxe5 16. Nexg5 Nxg5 17. Nxe5 Bxe5 18. Bxe5 Qc6 19. Bxh8 Rxh8 20. Qh5 Rg8 21. Kf1 Be8 22. Qg4 h5 23. Qg3 h4 24. Qg4 Bf7 25. Re5 Nh7 26. Qe4 Bg6 27. Qxc6+ bxc6 28. Bxg6 Rxg6 29. Rxc5 Kc7 30. Re1 h3 31. gxh3 Ng5 32. Ra5 Nxh3 33. Rxa7+ Kb6 34. Rh7 Rg1+ 35. Ke2 Nf4+ 36. Kd2 Rg2 37. Rf1 e5 38. Re7 Ng6 39. Re6 Kc5 40. h4 Kxc4 41. b3+ Kd5 42. Rf6 Nxh4 43. Rf8 e4 44. a4 Nf3+ 45. Ke2 d3+ 46. Ke3 Ne5 47. Rf5 Rh2 48. f4 Re2# 0-1


[Site "https://www.chess.com"]

[Event "Titled Tuesday Blitz May 23 Late 2023"]
[White "Bilan, Danila"]
[Black "Luxama, Jacques Muller"]
[WhiteFideId "24161918"]
[BlackFideId "11900113"]
[WhiteElo "2182"]
[BlackElo "1931"]
[Result "1-0"]
[Round "04"]
[TimeControl "180+2"]
[Date "2023.05.23"]
[WhiteClock "0:00:56"]
[BlackClock "0:02:05"]

1. d4 Nf6 2. Nf3 e6 3. g3 d5 4. Bg2 Be7 5. O-O O-O 6. c4 dxc4 7. Qc2 a6 8. Qxc4 b5 9. Qc2 Bb7 10. Bf4 Bd6 11. Nc3 Nbd7 12. Rfd1 Rc8 13. Rac1 Bxf4 14. gxf4 c5 15. dxc5 Rxc5 16. Qd3 Qc7 17. e3 Ne4 18. Qxd7 Nxc3 19. Rxc3 Rxc3 20. bxc3 Qb8 21. Ne5 Bxg2 22. Kxg2 Qa8+ 23. Qc6 Qb8 24. Rd7 f6 25. Qxe6+ Kh8 26. Nf7+ Kg8 27. Nh6+ Kh8 28. Qg8+ Rxg8 29. Nf7# 1-0


[Site "https://www.chess.com"]

[Event "Titled Tuesday Blitz May 23 Late 2023"]
[White "Papayan, Oleg"]
[Black "Kostiukov, Alexandr"]
[WhiteFideId "4193911"]
[BlackFideId "14108100"]
[WhiteElo "2171"]
[BlackElo "2202"]
[Result "1-0"]
[Round "04"]
[TimeControl "180+2"]
[Date "2023.05.23"]
[WhiteClock "0:00:48"]
[BlackClock "0:00:00"]

1. e4 c5 2. d4 cxd4 3. Qxd4 Nc6 4. Qd3 Nf6 5. Nc3 g6 6. Nf3 Bg7 7. Be2 O-O 8. O-O d5 9. Nxd5 Nxd5 10. exd5 Nb4 11. Qb3 a5 12. a3 Na6 13. Be3 Qd6 14. c4 Nc5 15. Qb5 b6 16. Nd4 Bxd4 17. Bxd4 Bd7 18. Bxc5 bxc5 19. Qb3 a4 20. Qc3 Rab8 21. Bd1 Rb7 22. Re1 Rfb8 23. Re2 h5 24. h3 1-0


[Site "https://www.chess.com"]